 Dungeon Crawl Stone Soup version 0.28.0-45-g0d030f2227 (webtiles) character file.

Game seed: 9298522382621692275

20188 Icepheonix32 the Protected (level 12, -3/84 HPs)
             Began as a Demonspawn Fighter on Apr 14, 2022.
             Was an Elder of Hepliaklqana.
             Slain by a phantasmal warrior (24 damage)
             ... led by a death knight
             ... on level 14 of the Dungeon.
             The game lasted 00:33:50 (17334 turns).

Icepheonix32 the Protected (Demonspawn Fighter)    Turns: 17334, Time: 00:33:51

Health: -3/84      AC: 14    Str: 25    XL:     12   Next: 43%
Magic:  17/17      EV: 12    Int:  9    God:    Hepliaklqana [****..]
Gold:   696        SH:  5    Dex: 14    Spells: 4/11 levels left

rFire   . . .      SeeInvis .   d - +7 trident (protect)
rCold   . . .      Faith    .   i - orb {*Rage}
rNeg    . . .      Spirit   .   b - +0 scale mail
rPois   .          Reflect  +   y - +1 helmet
rElec   .          Harm     .   A - scarf {+Inv}
rCorr   .          Rampage  .   F - +1 pair of gloves
Will    .....      Clarity  +   (no boots)
Stlth   +.........              s - amulet of reflection
HPRegen 0.24/turn               (no ring)
MPRegen 0.15/turn               (no ring)

@: weak-willed, slowed, very slow
A: reduced essence, rugged brown scales 1, demonic guardian 1, demonic magic 1,
weakness stinger 1, agile 1, clarity, screaming 1, strong 1
a: Renounce Religion, Evoke Invisibility, Recall Ancestor, Ancestor Identity,
Transference, Idealise


You were on level 14 of the Dungeon.
You worshipped Hepliaklqana.
Hepliaklqana was greatly pleased with you.
You visited 2 branches of the dungeon, and saw 15 of its levels.

You collected 696 gold pieces.

Inventory:

Hand Weapons
 a - a +1 scimitar of flaming
 d - a +7 trident of protection (weapon)
 e - a +3 short sword of chaos
 o - a +2 dagger of venom
Missiles
 j - 20 poisoned darts
 B - 3 curare-tipped darts (quivered)
 J - 2 javelins
 N - 4 throwing nets
 Q - 12 boomerangs of dispersal
 T - a boomerang
Armour
 b - a +0 scale mail (worn)
 c - a +0 buckler
 i - an orb of wrath (worn)
 l - a +0 chain mail
 w - an orb of guile
 y - a +1 helmet (worn)
 A - a scarf of invisibility (worn)
 F - a +1 pair of gloves (worn)
 I - a +0 ring mail
 O - a +0 troll leather armour
 S - a +0 kite shield
Magical Staves
 z - a staff of death
Jewellery
 s - an amulet of reflection (around neck)
 C - an amulet of guardian spirit
 D - a ring of fire
 G - a ring of fire
Wands
 q - a wand of paralysis (4)
 t - a wand of flame (17)
 H - a wand of iceblast (7)
Scrolls
 g - 2 scrolls of holy word
 h - 2 scrolls of fog
 n - 2 scrolls of identify
 r - a scroll of amnesia
 v - 2 scrolls of magic mapping
 E - a scroll of enchant armour
 K - 2 scrolls of noise
 L - a scroll of brand weapon
 P - a scroll of immolation
Potions
 f - 2 potions of attraction
 k - 2 potions of flight
 m - 3 potions of curing
 p - a potion of brilliance
 u - a potion of lignification
 M - a potion of mutation
Miscellaneous
 R - a piece from Xom's chessboard (15/15)


   Skills:
 + Level 7.1 Fighting
 - Level 2.2(3.0) Short Blades
 - Level 3.0(3.4) Long Blades
 - Level 9.0 Polearms
 + Level 2.3 Throwing
 * Level 9.3 Armour
 + Level 4.1 Dodging
 + Level 3.0 Stealth
 - Level 4.2 Shields
 * Level 6.8 Summonings
 * Level 7.0 Invocations
 * Level 7.7 Evocations


You had 4 spell levels left.
You knew the following spells:

 Your Spells              Type           Power      Damage    Failure   Level
a - Summon Small Mammal   Summ           48%        N/A       4%          1
b - Call Canine Familiar  Summ           12%        N/A       16%         3
c - Summon Guardian Gole  Hex/Summ       6%         N/A       52%         3

Your spell library contained the following spells:

 Spells                   Type           Power      Damage    Failure   Level
 Magic Dart               Conj           0%         1d3       63%         1
 Searing Ray              Conj           0%         2d4       77%         2
 Sublimation of Blood     Necr           0%         N/A       77%         2
 Animate Armour           Summ/Erth      12%        N/A       90%         4
 Portal Projectile        Hex/Tloc       0%         N/A       94%         3
 Stone Arrow              Conj/Erth      0%         3d7       94%         3
 Fulminant Prism          Conj/Hex       0%         3d6       100%        4
 Leda's Liquefaction      Hex/Erth       0%         N/A       100%        4
 Petrify                  Tmut/Erth      0%         N/A       100%        4
 Blade Hands              Tmut           0%         N/A       100%        5
 Excruciating Wounds      Necr           0%         N/A       100%        5
 Irradiate                Conj/Tmut      0%         3d14      100%        5
 Lehudib's Crystal Spear  Conj/Erth      0%         10d2      100%        8


Dungeon Overview and Level Annotations

Branches:
Dungeon (14/15)            Temple (1/1) D:5            Lair (0/6) D:8
    Orc (0/2) D:12
 Vaults: D:13-14

Altars:
Ashenzari
Cheibriados
Dithmenos
Elyvilon
Fedhas
Gozag
Hepliaklqana
Kikubaaqudgha
Makhleb
Nemelex Xobeh
Okawaru
Qazlal
Ru
Sif Muna
Trog
Uskayaw
Vehumet
Wu Jian
Xom
Yredelemnul
Zin
The Shining One

Portals:
Gauntlet: D:14

Annotations:
D:6 2 transporters


Innate Abilities, Weirdness & Mutations

Your life essence is reduced to manifest your ancestor. (-10% HP)
You are partially covered in rugged brown scales. (AC +1, +3% HP)
A weak demonic guardian rushes to your aid.
Spells you cast may paralyse adjacent enemies.
You have a small tail.
You are agile. (Dex +2)
You possess an exceptional clarity of mind.
You occasionally shout uncontrollably at your foes.
Your muscles are strong. (Str +2)


Message History

The tengu warrior claws Kendra but does no damage.
The phantasmal warrior hits you but does no damage.
Kendra closely misses the tengu warrior.
Okay, then.
As you read the scroll of summoning, it crumbles to dust.
Wisps of shadow whirl around you... The wraith hits you.
The tengu warrior hits Kendra with a +0 bardiche!
Kendra blocks the tengu warrior's attack.
The tengu warrior claws Kendra.
The phantasmal warrior hits you!
Kendra misses the tengu warrior.
The skeletal warrior hits Kendra with a +0 trident!
The tengu warrior hits Kendra but does no damage.
The tengu warrior pecks Kendra but does no damage.
The tengu warrior barely misses Kendra.
You closely miss the phantasmal warrior.
The phantasmal warrior hits you!!
* * * LOW HITPOINT WARNING * * *
Your centaur warrior hits the phantasmal warrior!
Your centaur warrior kicks the phantasmal warrior.
Kendra hits the tengu warrior with a +0 flail.
The skeletal warrior closely misses Kendra.
The tengu warrior barely misses Kendra. x2
Kendra blocks the tengu warrior's attack.
The death knight hits you with a +2 great sword.
* * * LOW HITPOINT WARNING * * *
You feel much better.
The death knight's dark mirror aura disappears.
Your centaur warrior hits the phantasmal warrior!
Your centaur warrior kicks the phantasmal warrior but does no damage.
The phantasmal warrior hits you!
Kendra hits the tengu warrior with a +0 flail!
The skeletal warrior hits Kendra with a +0 trident.
Your centaur warrior completely misses the phantasmal warrior.
Your centaur warrior kicks the phantasmal warrior but does no damage.
Kendra blocks the tengu warrior's attack. x2
The tengu warrior claws Kendra but does no damage.
The death knight hits you with a +2 great sword!
* * * LOW HITPOINT WARNING * * *
The phantasmal warrior hits you!!
You die...

**,,,** *,* *,,, ##.....## *,*
*,,, #.......##*****,* *,,,
*****##........,,,,,*,* *,,,
*,,,,,..>p....,,,,,,,,******,,,
*,*****#.....******,,.,,,,**,,,
*,* *#...#* ***...,,,,,,,** *,*
*#Qz#####.∩...***,***,* *,*
#.RWp@Wc.....**,,,,,,, *,*
#.#######....**,,,,,,, *,** #.#
**,*.**,****** *,,* #.#
*,,,,^,* * **,*
#.########,,,,,,****** *,*
#.........,,,,,,,,,,^, *,*
##.####.##,,,,,,*,***, *,* #.#
*,**,,,,,,*,* *, *,* #.#
*,**,,,**,*,* *,


You could see the friendly Kendra the knight, a death knight, a skeletal
warrior, a tengu warrior (ally target), a phantasmal warrior (ally target), a
wraith and a friendly centaur warrior (summoned).

Vanquished Creatures
  A boulder beetle (D:12)
  Harold (D:10)
  A centaur warrior (D:13)
  A hydra (D:12)
  6 two-headed ogres
  A tengu warrior (D:13)
  A deep elf pyromancer (D:13)
  An ugly thing (D:11)
  3 cyclopes
  A kobold demonologist (D:13)
  A freezing wraith (D:13)
  2 trolls
  A wyvern (D:10)
  3 yaks (D:9)
  A hog (shapeshifter) (D:13)
  3 wargs (D:8)
  3 vampire mosquitoes (D:10)
  An ice beast (D:8)
  2 orc warriors
  A sky beast (D:4)
  4 ogres
  A necrophage (D:5)
  3 centaurs
  A kobold brigand (D:9)
  2 gnoll sergeants
  A bullfrog (D:7)
  A water moccasin zombie (D:5)
  2 scorpions
  14 killer bees
  3 howler monkeys
  A jelly (D:4)
  A gnoll shaman (D:4)
  4 orc priests
  An iguana (D:6)
  2 centaur zombies
  A bullfrog skeleton (D:5)
  8 orc wizards
  A hound skeleton (D:2)
  11 gnolls
  9 adders
  A shadow imp (D:6)
  A white imp (D:6)
  An ufetubus (D:5)
  3 worms (D:3)
  3 dart slugs (D:4)
  22 orcs
  4 endoplasms
  4 giant cockroaches
  8 goblins
  10 hobgoblins
  6 jackals
  A quokka (D:3)
  3 ball pythons
  3 bats
  4 frilled lizards
  14 kobolds
  6 rats
200 creatures vanquished.

Vanquished Creatures (collateral kills)
  A hydra (D:11)
  A centaur warrior (D:13)
  A two-headed ogre (D:12)
  Erica (D:10)
  A tengu warrior (D:13)
  2 gargoyles
  An efreet (D:13)
  3 unseen horrors
  A kobold demonologist (D:12)
  A hornet (D:9)
  A shadow (D:10)
  A yak (D:9)
  An acid dragon (D:9)
  An orc warrior (D:12)
  A centaur (D:9)
  A bullfrog (D:9)
  6 killer bees
  An orc priest (D:8)
  4 orc wizards
  An iguana (D:4)
  4 gnolls
  6 orcs
  An endoplasm (D:1)
  A frilled lizard (D:1)
  3 goblins
  4 kobolds
50 creatures vanquished.

Vanquished Creatures (others)
  A kobold brigand (D:10)
  An orc wizard (D:12)
  6 knights
8 creatures vanquished.

Grand Total: 258 creatures vanquished

Notes
Turn   | Place    | Note
-------+----------+-------------------------------------------
     0 | D:1      | Icepheonix32 the Demonspawn Fighter began the quest for the
                  | Orb.
     0 | D:1      | Reached XP level 1. HP: 18/18 MP: 1/1
   456 | D:1      | Gained mutation: A weak demonic guardian rushes to your
                  | aid. [demonic ancestry]
   456 | D:1      | Reached XP level 2. HP: 23/24 MP: 2/2
  1150 | D:2      | Reached XP level 3. HP: 24/29 MP: 3/3
  1224 | D:2      | Noticed a shining eye
  1227 | D:2      | Found a faded altar of an unknown god.
  1234 | D:2      | Noticed a shining eye
  1464 | D:2      | Noticed a floating eye
  1468 | D:2      | Noticed a shining eye
  1765 | D:1      | HP: 2/43 [gnoll/+0 flail (8)]
  1768 | D:1      | Reached XP level 4. HP: 3/35 MP: 4/4
  3559 | D:4      | Noticed an ogre
  3562 | D:4      | Reached XP level 5. HP: 27/41 MP: 5/5
  4044 | D:4      | Reached skill level 1 in Short Blades
  4398 | D:4      | Killed an ogre
  4399 | D:4      | Reached skill level 1 in Dodging
  4399 | D:4      | Reached XP level 6. HP: 29/48 MP: 6/6
  4702 | D:5      | Entered Level 5 of the Dungeon
  4702 | D:5      | Noticed a sky beast
  4729 | D:4      | Killed a sky beast
  5233 | D:5      | Gained mutation: Your spells are a little harder to cast,
                  | but a little more powerful. [potion of mutation]
  5233 | D:5      | Gained mutation: Your magical capacity is low. (-10% MP)
                  | [potion of mutation]
  5233 | D:5      | Gained mutation: Your magical capacity is very low. (-20%
                  | MP) [potion of mutation]
  5233 | D:5      | Gained mutation: Your muscles are strong. (Str +2) [potion
                  | of mutation]
  5279 | D:5      | Reached XP level 7. HP: 45/54 MP: 5/5
  5309 | D:5      | Reached skill level 1 in Evocations
  5680 | D:5      | Reached skill level 5 in Armour
  5789 | D:5      | Reached skill level 1 in Polearms
  5789 | D:5      | Reached skill level 1 in Throwing
  6156 | D:4      | Gained mutation: You are partially covered in rugged brown
                  | scales. (AC +1, +3% HP) [demonic ancestry]
  6156 | D:4      | Reached XP level 8. HP: 17/62 MP: 6/6
  6475 | D:5      | Found a staircase to the Ecumenical Temple.
  6507 | Temple   | Entered the Ecumenical Temple
  6742 | Temple   | Became a worshipper of Hepliaklqana the Forgotten
  7551 | D:6      | Reached * piety under Hepliaklqana
  7579 | D:6      | Found a transporter.
  7596 | D:6      | Found a transporter.
  8171 | D:7      | Reached ** piety under Hepliaklqana
  8612 | D:7      | Remembered your ancestor Kendra as a knight
  9389 | D:8      | Reached skill level 5 in Polearms
  9389 | D:8      | Reached XP level 9. HP: 58/62 MP: 7/7
  9436 | D:8      | Found a staircase to the Lair.
  9737 | D:8      | Learned a level 1 spell: Summon Small Mammal
  9809 | D:9      | Reached skill level 1 in Summonings
 10015 | D:9      | Reached skill level 5 in Fighting
 10373 | D:9      | Reached skill level 1 in Stealth
 10548 | D:9      | Reached *** piety under Hepliaklqana
 10906 | D:9      | Gained mutation: You have a small tail. [demonic ancestry]
 10906 | D:9      | Reached XP level 10. HP: 21/68 MP: 8/8
 11230 | D:9      | Noticed a cyclops
 11231 | D:9      | Killed a cyclops
 11232 | D:9      | Reached skill level 5 in Evocations
 11518 | D:10     | Entered Level 10 of the Dungeon
 11594 | D:10     | Noticed a two-headed ogre
 11614 | D:10     | Killed a two-headed ogre
 11615 | D:10     | Reached skill level 1 in Invocations
 11909 | D:10     | Noticed Erica
 11924 | D:10     | Killed Erica
 12141 | D:10     | Found a blossoming altar of Fedhas.
 12181 | D:10     | Noticed Harold
 12190 | D:10     | Killed Harold
 13324 | D:11     | You fall into a shaft and drop 1 floor!
 13448 | D:12     | Learned a level 3 spell: Call Canine Familiar
 13452 | D:12     | Learned a level 3 spell: Summon Guardian Golem
 13470 | D:12     | Reached **** piety under Hepliaklqana
 13498 | D:12     | Noticed a boulder beetle
 13513 | D:12     | Killed a boulder beetle
 13514 | D:12     | Reached skill level 5 in Summonings
 13514 | D:12     | Reached XP level 11. HP: 53/75 MP: 11/11
 13875 | D:11     | Noticed a five-headed hydra
 13882 | D:11     | Killed a three-headed hydra
 14141 | D:11     | Noticed a green ugly thing
 14151 | D:11     | Killed a green ugly thing
 14394 | D:11     | Lost mutation: Your magical capacity is very low. (-20% MP)
                  | [potion of mutation]
 14394 | D:11     | Lost mutation: Your magical capacity is low. (-10% MP)
                  | [potion of mutation]
 14394 | D:11     | Lost mutation: Your spells are a little harder to cast, but
                  | a little more powerful. [potion of mutation]
 14394 | D:11     | Gained mutation: You possess an exceptional clarity of
                  | mind. [potion of mutation]
 14394 | D:11     | Gained mutation: You occasionally shout uncontrollably at
                  | your foes. [potion of mutation]
 14394 | D:11     | Gained mutation: You are agile. (Dex +2) [potion of
                  | mutation]
 14574 | D:11     | Noticed a two-headed ogre
 14585 | D:11     | Killed a two-headed ogre
 15153 | D:12     | Found a staircase to the Orcish Mines.
 15153 | D:12     | Noticed a two-headed ogre
 15157 | D:12     | Noticed a two-headed ogre
 15167 | D:12     | Killed a two-headed ogre
 15168 | D:12     | Reached skill level 5 in Invocations
 15178 | D:12     | Killed a two-headed ogre
 15393 | D:12     | Noticed a two-headed ogre
 15400 | D:12     | Killed a two-headed ogre
 15593 | D:12     | Noticed a seven-headed hydra
 15601 | D:12     | Killed a four-headed hydra
 15788 | D:13     | Noticed a deep elf pyromancer
 15797 | D:13     | Killed a deep elf pyromancer
 15798 | D:13     | Gained mutation: Spells you cast may paralyse adjacent
                  | enemies. [demonic ancestry]
 15798 | D:13     | Reached XP level 12. HP: 82/82 MP: 16/16
 15979 | D:13     | Noticed a two-headed ogre
 15989 | D:13     | Killed a two-headed ogre
 15996 | D:13     | Noticed a centaur warrior
 16012 | D:13     | Killed a centaur warrior
 16018 | D:13     | HP: 4/123 [cyclops (13)]
 16417 | D:13     | Noticed a centaur warrior
 16426 | D:13     | Killed a centaur warrior
 16543 | D:13     | Noticed a tengu warrior
 16557 | D:13     | Killed a tengu warrior
 16792 | D:13     | Noticed a two-headed ogre
 16799 | D:13     | Killed a two-headed ogre
 16799 | D:13     | Noticed a tengu warrior
 16814 | D:13     | Killed a tengu warrior
 17325 | D:14     | Noticed a death knight
 17327 | D:14     | Found a gate leading to a gauntlet.
 17327 | D:14     | Noticed a tengu warrior
 17334 | D:14     | Slain by a phantasmal warrior

Illustrated notes

Levels and vault maps discovered:
D:1:      dpeg_arrival_arbitrary_b, layout_loops_ring
D:2:      layout_basic, hellmonk_ecumenical_altar_watching_god
D:3:      layout_basic, nicolae_wormholes
D:4:      layout_basic, minmay_goblin_outpost
D:5:      layout_basic, minmay_temple_entry_ruins, minmay_misc_feat_tower,
          hangedman_decor_growths
D:6:      gammafunk_steamed_eel, layout_basic
D:7:      layout_loops_cross
D:8:      layout_loops_ring, erik_lair_orcish_takeover
D:9:      layout_loops_ring, minivault_19, minmay_misc_feat_enclosed,
          lightli_minifort
D:10:     layout_layer_cave, fedhas_ov_isle_minmay, patterned_corridor,
          uniq_harold, uniq_erica
D:11:     layout_irregular_city, minmay_unpleasant_kobolds
D:12:     layout_roguey, david_orc_3
D:13:     minmay_cornered_nines, layout_basic
D:14:     layout_loops_ring, erik_vaults_1, serial_park_avenue1,
          ebering_ghost_gozag, gauntlet_entry_generic
Temple:   mainiacjoe_temple_hex_bubbles

Skill      XL: |  1  2  3  4  5  6  7  8  9 10 11 12 |
---------------+-------------------------------------+-----
Shields        | 3 4 |  4.2
Armour         | 3 4 5 6 7 8 9 |  9.3
Long Blades    | 2 3 |  3.0
Short Blades   | 2 |  2.2
Dodging        | 1 2 3 4 |  4.1
Fighting       | 4 5 6 7 |  7.1
Evocations     | 2 4 6 7 |  7.7
Polearms       | 2 5 7 8 9 |  9.0
Throwing       | 1 2 |  2.3
Summonings     | 3 5 6 |  6.8
Stealth        | 1 2 3 |  3.0
Invocations    | 3 6 7 |  7.0

Action                   |  1- 3 |  4- 6 |  7- 9 | 10-12 || total
-------------------------+-------+-------+-------+-------++-------
Melee: Long sword        |    95 |     7 |       |       ||   102
       Short sword       |       |   147 |    13 |       ||   160
       Trident           |       |       |   321 |   259 ||   580
       Tailslap          |       |       |       |    37 ||    37
       Scimitar          |       |       |       |    15 ||    15
Throw: Dart              |       |     4 |     3 |    23 ||    30
       Javelin           |       |       |     8 |     2 ||    10
 Cast: Call Canine Famil |       |       |       |     1 ||     1
Invok: Recall Ancestor   |       |       |     1 |     2 ||     3
       Ancestor Life: Kn |       |       |     1 |       ||     1
       Idealise          |       |       |       |     1 ||     1
Evoke: Wand              |       |       |       |     6 ||     6
  Use: Potion            |     2 |     3 |     5 |    12 ||    22
       Scroll            |       |     6 |     8 |     8 ||    22
 Stab: Distracted        |       |       |     1 |     2 ||     3
Armor: Scale mail        |    42 |    53 |    91 |   125 ||   311
       Skin              |       |       |    15 |    28 ||    43
Dodge: Dodged            |    40 |    55 |    96 |    83 ||   274
Block: Buckler           |    24 |    50 |    71 |       ||   145
       Reflection        |       |     3 |     6 |     8 ||    17
       Orb               |       |       |    23 |    55 ||    78
